 Dungeon Crawl Stone Soup version 0.30-a0-1074-g5db6f66fbb (webtiles) character file.

Game seed: 430364572830255290

67390 Dordric the Basher (level 14, -7/119 HPs)
             Began as a Demonspawn Berserker on Apr 12, 2023.
             Was an Elder of Trog.
             Mangled by a vault guard
             ... wielding a +0 bardiche
              (8 damage)
             ... on level 13 of the Dungeon on Apr 13, 2023.
             The game lasted 00:48:57 (20036 turns).

Dordric the Basher (Demonspawn Berserker)          Turns: 20036, Time: 00:48:57

Health: -7/119     AC: 27    Str: 25    XL:     14   Next: 82%
Magic:  12/12      EV: 13    Int: 11    God:    Trog [****..]
Gold:   1371       SH: 11    Dex: 12    Spells: 13/13 levels left

rFire   + . .      SeeInvis .    P - +4 demon whip (venom)
rCold   . . .      Faith    .    R - +0 kite shield
rNeg    . . .      Spirit   .    b - +0 shadow dragon scales
rPois   +          Reflect  .    y - +0 helmet
rElec   .          Rampage  .    e - +2 cloak {rCorr}
rCorr   +                        g - +1 pair of gloves
Will    +++..                    j - +0 pair of boots
Stlth   ++                       D - amulet of regeneration
HPRegen 2.19/turn                a - ring of protection from fire
MPRegen 0.13/turn                (no ring)

@: mighty, agile, strong-willed, on berserk cooldown, regenerating, slowed,
invisible, very slow
A: rugged brown scales 2, powered by pain 1, demonic magic 1, weakness stinger
2, clever 1, low MP 1, poison resistance, strong 1
a: Renounce Religion, Berserk, Trog's Hand, Brothers in Arms


You were on level 13 of the Dungeon.
You worshipped Trog.
Trog was greatly pleased with you.
You visited 2 branches of the dungeon, and saw 18 of its levels.

You collected 1416 gold pieces.
You spent 45 gold pieces at shops.

Inventory:

Hand Weapons
 P - a +4 demon whip of venom (weapon)
Missiles
 E - 3 throwing nets (quivered)
Armour
 b - +0 shadow dragon scales (worn)
 e - a +2 cloak of preservation (worn)
 g - a +1 pair of gloves (worn)
 j - a +0 pair of boots (worn)
 n - a +0 buckler
 y - a +0 helmet (worn)
 B - a +0 kite shield of protection
 K - a +3 plate armour of positive energy
 R - a +0 kite shield (worn)
Jewellery
 a - a ring of protection from fire (left hand)
 q - an amulet of reflection
 D - an amulet of regeneration (around neck)
 O - a ring of ice
 Q - a ring of protection from fire
Wands
 l - a wand of digging (7)
 t - a wand of roots (23)
 v - a wand of flame (28)
 J - a wand of charming (2)
 N - a wand of quicksilver (4)
Scrolls
 d - 5 scrolls of teleportation
 i - 3 scrolls of identify
 k - 2 scrolls of immolation
 o - a scroll of fog
 r - 3 scrolls of noise
 w - 2 scrolls of poison
 x - 4 scrolls of fear
 H - 2 scrolls of enchant armour
Potions
 c - 13 potions of curing
 f - 5 potions of mutation
 h - 3 potions of haste
 p - 6 potions of flight
 s - 3 potions of attraction
 u - 2 potions of magic {unknown}
 C - 2 potions of berserk rage
 F - a potion of brilliance
 G - 2 potions of lignification
 I - 2 potions of might
 L - a potion of cancellation


   Skills:
 + Level 11.8 Fighting
 - Level 14.0 Maces & Flails
 - Level 10.3 Armour
 - Level 1.7 Dodging
 + Level 11.3 Shields
 - Level 10.3 Evocations


You had 13 spell levels left.
You didn't know any spells.
Your spell library contained the following spells:

 Spells                   Type           Power      Damage    Failure   Level
 Slow                     Hex            0%         N/A       98%         1
 Dazzling Flash           Conj/Hex       0%         N/A       100%        3
 Portal Projectile        Hex/Tloc       0%         N/A       100%        3
 Anguish                  Hex/Necr       0%         N/A       100%        4
 Death's Door             Necr           0%         N/A       100%        9


Dungeon Overview and Level Annotations

Branches:
Dungeon (13/15)            Temple (0/1) D:6            Lair (5/5) D:9
  Swamp (0/4) Lair:2       Spider (0/4) Lair:3        Slime (0/5) Lair:4
    Orc (0/2) D:12
 Vaults: D:13-14

Altars:
Dithmenos
Gozag
Makhleb
Qazlal
Vehumet
Yredelemnul
Jiyva

Shops:
D:1 =*[   D:8 *   D:13 [

Annotations:
Lair:1 exclusion: oklob plant


Innate Abilities, Weirdness & Mutations

You are mostly covered in rugged brown scales. (AC +2, +5% HP)
You sometimes gain a little power by taking damage.
Spells you cast may paralyse adjacent enemies.
You have a tail ending in a sharp stinger.
Your mind is acute. (Int +4, Str/Dex -1)
Your magical capacity is low. (-10% MP)
Your system is resistant to poisons. (rPois)
Your muscles are strong. (Str +4, Int/Dex -1)


Message History

You are too injured to fight recklessly!
You are too injured to fight recklessly!
You are too injured to fight recklessly!
You whack the vault guard!
The vault guard is poisoned.
Your tail-slap misses the vault guard.
The vault guard is lightly wounded.
You block the vault guard's attack.
The vault guard hits you with a +2 glaive!!
You focus on the pain.
You feel agile all of a sudden.
You whack the vault guard!
The vault guard is moderately wounded.
You thrash the vault guard!!
The vault guard looks as sick as possible!
The vault guard is severely wounded.
You are no longer berserk.
You are exhausted.
You feel yourself slow down. You block the vault guard's attack.
The vault guard hits you with a +2 glaive!
* * * LOW HITPOINT WARNING * * *
You focus on the pain.
You feel mightier all of a sudden.
Your skin crawls.
You feel strong-willed. You block the vault guard's attack.
The vault guard misses you.
Your ogre goes berserk!
You block the vault guard's attack.
The vault guard hits you with a +2 glaive!
* * * LOW HITPOINT WARNING * * *
You block the vault guard's attack.
The vault guard hits you with a +2 glaive!
* * * LOW HITPOINT WARNING * * *
You fade into invisibility!
Your ogre hits the vault guard with a +0 giant club!
The vault guard hits you with a +0 bardiche!
* * * LOW HITPOINT WARNING * * *
The vault guard hits you but does no damage.
The vault guard attacks as you move away!
The vault guard hits you with a +0 bardiche!
You die...

......#..# .#.#. #)## #.
####.†# #. #....## #
#.##.[..# #. #..#[.##..#
####.########..).## ..#
............##.∩.###..#
............#.@).....<.
.......<....#pp#....#...
##...........).O....#....
.......................
............#..........
.....#.....#...........
.#####....##.##......#.
#......... ##.....
###......## .....


You could see 2 vault guards and a friendly ogre (summoned, berserk).

Vanquished Creatures
  The ghost of hollowman the Skirmisher, a journeyman MiMo of Okawaru (D:12)
  5 dire elephants (Lair:5)
  4 vault guards (D:13)
  6 hydras
  Fannar (Lair:2)
  2 two-headed ogres
  A boulder beetle (D:12)
  4 death yaks
  3 spectral dire elephants (Lair:5)
  Amaemon (Lair:3)
  2 spectral death yaks (Lair:5)
  A skyshark (Lair:5)
  A spectral anaconda (Lair:5)
  An obsidian statue (Lair:5)
  3 necromancers (Lair:5)
  Pikel (D:9)
  A cyclops (D:12)
  3 manticores (D:12)
  Joseph (D:10)
  17 elephants
  A torpor snail (Lair:4)
  6 black mambas
  A gargoyle (D:9)
  An orange demon (Lair:3)
  10 cane toads
  Psyche (D:12)
  Maggie (D:7)
  2 rime drakes
  A kobold demonologist (D:11)
  An unseen horror (D:12)
  11 komodo dragons
  2 efreet
  2 spectral elephants (Lair:5)
  16 blink frogs
  2 hornets
  Grinder (D:6)
  4 polar bears
  9 slime creatures (D:12)
  6 dream sheep
  3 wraiths
  3 wyverns
  31 yaks
  3 basilisks
  A death yak simulacrum (Lair:5)
  2 steam dragons
  10 vampire mosquitoes
  A spectral cane toad (Lair:5)
  An acid dragon (D:8)
  11 water moccasins
  7 orc warriors
  2 black bears
  An ice beast (D:7)
  2 ogres
  An elephant skeleton (Lair:5)
  5 centaurs
  21 wolves
  A lemure (D:9)
  24 kobold brigands
  12 bullfrogs
  A gnoll sergeant (D:8)
  5 scorpions
  14 wights
  4 elephant simulacra (Lair:5)
  5 howler monkeys
  4 electric eels (D:9)
  3 hounds (D:5)
  4 orc priests
  2 jellies
  A sleepcap (D:4)
  4 iguanas
  10 orc wizards
  4 hell rats (Lair:2)
  6 adders
  8 gnolls
  3 shadow imps
  2 white imps (D:7)
  3 ufetubi
  2 dart slugs
  26 orcs
  9 ball pythons
  6 bats
  5 endoplasms
  4 giant cockroaches
  6 goblins
  8 hobgoblins
  8 jackals
  A quokka (D:1)
  4 frilled lizards
  22 kobolds
  9 rats
472 creatures vanquished.

Vanquished Creatures (collateral kills)
  4 elephants
  A rime drake (Lair:5)
  2 komodo dragons (Lair:4)
  A polar bear (Lair:4)
  A blink frog (Lair:4)
  2 dream sheep (Lair:4)
  2 yaks (D:8)
  2 wights (D:7)
15 creatures vanquished.

Vanquished Creatures (others)
  A bush (Lair:5)
  37 fungi
  49 plants
  28 withered plants (Lair:5)
115 creatures vanquished.

Grand Total: 602 creatures vanquished

Notes
Turn   | Place    | Note
-------+----------+-------------------------------------------
     0 | D:1      | Dordric the Demonspawn Berserker began the quest for the
                  | Orb.
     0 | D:1      | Reached XP level 1. HP: 18/18 MP: 1/1
    68 | D:1      | Reached skill level 3 in Maces & Flails
   158 | D:1      | Gained mutation: You have a small tail. [demonic ancestry]
   158 | D:1      | Reached XP level 2. HP: 24/24 MP: 2/2
   197 | D:1      | Found Oliebboff's Jewellery Boutique.
   249 | D:1      | Found Nitrud's Armour Shop.
   441 | D:1      | Upgraded the game from 0.30-a0-1066-g63dfefce0d to
                  | 0.30-a0-1074-g5db6f66fbb
   456 | D:1      | Reached ** piety under Trog
   735 | D:1      | Reached XP level 3. HP: 24/29 MP: 3/3
   844 | D:1      | Found Icesof's General Store.
   857 | D:1      | Bought a +0 pair of boots for 45 gold pieces
  1007 | D:2      | Reached skill level 4 in Maces & Flails
  1560 | D:2      | Gained mutation: You sometimes gain a little power by
                  | taking damage. [demonic ancestry]
  1560 | D:2      | Reached XP level 4. HP: 35/35 MP: 4/4
  1653 | D:2      | Found a faded altar of an unknown god.
  1810 | D:3      | Found a basalt altar of Yredelemnul.
  1814 | D:3      | You fall into a shaft and drop 1 floor!
  1875 | D:4      | Reached *** piety under Trog
  2301 | D:3      | Reached skill level 5 in Maces & Flails
  2502 | D:4      | Reached XP level 5. HP: 41/41 MP: 5/5
  2780 | D:5      | Entered Level 5 of the Dungeon
  2845 | D:5      | Noticed an ogre
  2853 | D:5      | Killed an ogre
  2854 | D:5      | Reached skill level 6 in Maces & Flails
  2854 | D:5      | Reached XP level 6. HP: 45/47 MP: 6/6
  3278 | D:5      | Reached skill level 7 in Maces & Flails
  3304 | D:5      | Gained mutation: Spells you cast may paralyse adjacent
                  | enemies. [demonic ancestry]
  3304 | D:5      | Reached XP level 7. HP: 27/52 MP: 7/7
  3497 | D:5      | Found a burning altar of Makhleb.
  3872 | D:6      | Reached skill level 8 in Maces & Flails
  4029 | D:6      | Reached **** piety under Trog
  4051 | D:6      | Found a staircase to the Ecumenical Temple.
  4478 | D:6      | Reached skill level 9 in Maces & Flails
  4478 | D:6      | Reached XP level 8. HP: 58/58 MP: 8/8
  4691 | D:6      | Found a radiant altar of Vehumet.
  5030 | D:6      | Noticed Grinder
  5044 | D:6      | Killed Grinder
  5048 | D:6      | Reached skill level 10 in Maces & Flails
  5182 | D:6      | Identified the +1 robe "Utullo" {rElec rC+}
  5294 | D:6      | Gained mutation: You have a pair of small horns on your
                  | head. [potion of mutation]
  5294 | D:6      | Gained mutation: Your system is resistant to poisons.
                  | (rPois) [potion of mutation]
  5294 | D:6      | Gained mutation: You occasionally lose the ability to drink
                  | potions when taking damage. [potion of mutation]
  5295 | D:6      | Lost mutation: You occasionally lose the ability to drink
                  | potions when taking damage. [potion of mutation]
  5295 | D:6      | Lost mutation: You have a pair of small horns on your head.
                  | [potion of mutation]
  5295 | D:6      | Gained mutation: Your magical capacity is low. (-10% MP)
                  | [potion of mutation]
  5295 | D:6      | Gained mutation: Your mind is acute. (Int +4, Str/Dex -1)
                  | [potion of mutation]
  5295 | D:6      | Gained mutation: Your muscles are strong. (Str +4, Int/Dex
                  | -1) [potion of mutation]
  5673 | D:7      | Found a stormy altar of Qazlal.
  6006 | D:7      | Reached skill level 11 in Maces & Flails
  6006 | D:7      | Gained mutation: You are partially covered in rugged brown
                  | scales. (AC +1, +3% HP) [demonic ancestry]
  6006 | D:7      | Reached XP level 9. HP: 9/64 MP: 8/8
  6991 | D:7      | Noticed Maggie
  7002 | D:7      | Killed Maggie
  7003 | D:7      | Reached skill level 12 in Maces & Flails
  7163 | D:8      | Noticed a two-headed ogre
  7174 | D:8      | Killed a two-headed ogre
  7175 | D:8      | Reached skill level 13 in Maces & Flails
  7451 | D:8      | Reached XP level 10. HP: 33/72 MP: 9/9
  7860 | D:8      | Reached skill level 14 in Maces & Flails
  8000 | D:8      | Found Iprox's Assorted Antiques.
  8768 | D:9      | Reached skill level 5 in Fighting
  9230 | D:9      | Noticed Pikel
  9243 | D:9      | Killed Pikel
  9258 | D:9      | Found a staircase to the Lair.
  9407 | D:9      | Reached skill level 5 in Armour
  9526 | D:9      | Found a shadowy altar of Dithmenos.
  9804 | D:10     | Entered Level 10 of the Dungeon
  9807 | D:10     | Noticed a gargoyle
  9810 | D:10     | Noticed Joseph
  9824 | D:9      | Killed a gargoyle
  9994 | D:10     | Killed Joseph
  9995 | D:10     | Reached XP level 11. HP: 85/85 MP: 9/9
 10065 | D:10     | Found an opulent altar of Gozag.
 10385 | D:10     | Noticed a two-headed ogre
 10389 | D:10     | Killed a two-headed ogre
 11694 | D:12     | Noticed a boulder beetle
 11723 | D:12     | Killed a boulder beetle
 11830 | D:12     | Gained mutation: You have a tail ending in a sharp stinger.
                  | [demonic ancestry]
 11830 | D:12     | Reached XP level 12. HP: 98/98 MP: 10/10
 11928 | D:12     | Reached ***** piety under Trog
 12164 | D:12     | Reached skill level 10 in Fighting
 12297 | D:12     | Received a gift from Trog
 12336 | D:12     | Found a staircase to the Orcish Mines.
 12426 | D:12     | Noticed Psyche
 12432 | D:12     | Killed Psyche
 12456 | D:12     | Found a runed translucent door.
 12584 | D:12     | Noticed hollowman's ghost (journeyman MiMo)
 12708 | Lair:1   | Entered Level 1 of the Lair of Beasts
 13143 | Lair:1   | Reached skill level 10 in Armour
 13715 | Lair:2   | Reached skill level 1 in Evocations
 13823 | Lair:2   | Found a staircase to the Swamp.
 14073 | Lair:2   | Identified the +7 falchion "Lytwyomm" {freeze, Int-2 Dex+5}
 14107 | Lair:2   | Noticed Fannar
 14114 | Lair:2   | Killed Fannar
 14115 | Lair:2   | Reached skill level 5 in Evocations
 14496 | Lair:3   | Reached XP level 13. HP: 90/109 MP: 11/11
 14605 | Lair:3   | Noticed Amaemon
 14612 | Lair:3   | Killed Amaemon
 15159 | Lair:3   | HP: 6/163 [death yak (9)]
 15272 | Lair:3   | Found a hole to the Spider Nest.
 15879 | Lair:4   | Reached skill level 10 in Evocations
 16098 | Lair:4   | Found a staircase to the Slime Pits.
 16098 | Lair:4   | Found a viscous altar of Jiyva.
 16214 | Lair:4   | Reached skill level 1 in Shields
 16570 | D:12     | Killed hollowman's ghost
 16572 | D:12     | Identified the +6 leather armour of Youthful Indiscretion
                  | {Str+3}
 17049 | Lair:5   | Entered Level 5 of the Lair of Beasts
 17275 | Lair:5   | Reached skill level 5 in Shields
 17415 | Lair:4   | HP: 4/109 [komodo dragon (9)]
 17436 | Lair:4   | Gained mutation: You are mostly covered in rugged brown
                  | scales. (AC +2, +5% HP) [demonic ancestry]
 17436 | Lair:4   | Reached XP level 14. HP: 69/118 MP: 12/12
 17437 | Lair:4   | Received a gift from Trog
 18405 | Lair:5   | HP: 5/118 [elephant (12)]
 18705 | Lair:5   | Reached skill level 10 in Shields
 19686 | Lair:5   | Got the Spellbook of Success
 19903 | D:13     | Found Peititip's Armour Shop.
 20035 | D:13     | HP: 1/119 [vault guard/+0 bardiche (15)]
 20036 | D:13     | Mangled by a vault guard

Illustrated notes

Levels and vault maps discovered:
D:1:      psy_arrival_dodecagon, layout_loops_ring, serial_rivers,
          chequers_serial_rivers_room_a, chequers_serial_rivers_small_3,
          chequers_serial_rivers_micro_c, chequers_serial_rivers_small_b,
          serial_shops, nicolae_shop_trees, shop, nicolae_lakefront_shop
D:2:      layout_basic, dilly_ecumenical_altar_fadedgnrine
D:3:      layout_basic, lemuel_tele_altar
D:4:      layout_rooms, minmay_crossroads
D:5:      layout_rooms, makhleb_heckhound_becter, serial_aquarium,
          aquarium_bridge_square [aquarium_subvault_bridge,
          aquarium_subvault_bridge, aquarium_subvault_balcony,
          aquarium_subvault_window], aquarium_window_corner, aquarium_window_2,
          aquarium_window_corner, aquarium_window_3, aquarium_view_2b,
          aquarium_view_2e, aquarium_balcony_3b, st_stairs_3,
          minmay_misc_feat_enclosed, minmay_misc_feat_room, dk_noncrumbling_3,
          minmay_stone_trees_small
D:6:      layout_loops_ring, old_standard_altar, minmay_temple_entry_large_hall,
          uniq_grinder
D:7:      layout_basic, nicolae_qazlal_general_emergency, uniq_maggie
D:8:      layout_basic, serial_shops, shop, grunt_ministairs_1
D:9:      layout_rooms, overflow_temple_1_default, david_lair_shrubbed,
          serial_bayou, serial_bayou_pond_b, serial_bayou_lagoon_a,
          serial_bayou_pond_c, serial_bayou_ford_a, uniq_pikel
D:10:     layout_cave_pools, nicolae_gozag_seed_capital, uniq_joseph
D:11:     layout_roguey [special_room_kobold], palyth_stone_intersect,
          st_stairs_13
D:12:     layout_gridville, david_orc_4, gammafunk_ghost_grave, uniq_psyche
D:13:     layout_cave_pools, erik_vaults_2, serial_shops, nicolae_shop_stone,
          xom_teletrap_fun, uniq_maurice, uniq_lodul
Lair:1:   layout_chaotic_city, grunt_megastairs_1, lemuel_fruit_fields,
          infiniplex_staircase_pool
Lair:2:   layout_regular_city, minmay_swamp_entry_swarm, uniq_fannar
Lair:3:   layout_loops_ring, dummy_spider_entry, serial_bayou_shore_b,
          uniq_amaemon
Lair:4:   layout_hall_layers, slime_entry_1, wad_woods_river_02,
          eino_small_chamber_without_monster, minmay_holes, grunt_megastairs_5
Lair:5:   due_jungle_book, layout_big_grid, minmay_hedge_maze,
          serial_bayou_pond_d, serial_bayou_pond_b

Skill      XL: |  1  2  3  4  5  6  7  8  9 10 11 12 13 14 |
---------------+-------------------------------------------+-----
Maces & Flails | 3 4 5 6 7 9 11 13 14 | 14.0
Armour         | 5 8 10 | 10.3
Fighting       | 6 9 11 | 11.8
Evocations     | 5 10 | 10.3
Shields        | 6 11 | 11.3
Dodging        | |  1.7

Action                     |  1- 3 |  4- 6 |  7- 9 | 10-12 | 13-15 || total
---------------------------+-------+-------+-------+-------+-------++-------
  Melee: Mace              |   120 |    11 |    81 |       |       ||   212
         Tailslap          |    10 |    13 |    40 |    82 |   213 ||   358
         War axe           |       |    95 |   133 |       |       ||   228
         Punch             |       |     4 |     6 |       |       ||    10
         Flail             |       |       |    94 |   544 |    35 ||   673
         Dire flail        |       |       |       |     6 |       ||     6
         Demon whip        |       |       |       |       |   863 ||   863
 Invoke: Berserk           |     1 |     1 |     9 |    11 |     7 ||    29
         Trog's Hand       |       |       |     2 |     2 |     3 ||     7
         Brothers in Arms  |       |       |     1 |     1 |     3 ||     5
  Evoke: Wand              |       |       |       |       |     5 ||     5
    Use: Scroll            |     4 |     4 |     6 |     9 |    12 ||    35
         Potion            |       |       |     2 |       |     5 ||     7
   Stab: Sleeping          |     1 |       |       |       |       ||     1
         Distracted        |       |       |       |     3 |       ||     3
 Armour: Animal skin       |    19 |       |       |       |       ||    19
         Ring mail         |    18 |       |       |       |       ||    18
         Chain mail        |    17 |    63 |    50 |       |       ||   130
         Plate armour      |       |       |   116 |   239 |   432 ||   787
         Shadow dragon sca |       |       |       |       |   105 ||   105
  Dodge: Dodged            |    69 |    52 |   108 |   132 |   212 ||   573
  Block: Buckler           |       |       |    14 |    35 |   137 ||   186
         Kite shield       |       |       |       |       |    42 ||    42

Table legend: (Time is in decaauts)
 A = Elapsed time spent in this place.
 B = Non-inter-level travel time spent in this place.
 C = Inter-level travel time spent in this place.
 D = Time resting spent in this place.
 E = Time spent auto-exploring this place.
 F = Levels seen in this place.
 G = Mean time per level.
                   A        B        C        D        E       F      G
               +--------+--------+--------+--------+--------+-----+--------+
         Total |  19866 |  18241 |   1625 |   2040 |  12799 |  18 | 1103.7 |
       Dungeon |  13416 |  12257 |   1159 |   1507 |   8607 |  13 | 1032.0 |
          Lair |   6450 |   5985 |    465 |    533 |   4191 |   5 | 1290.0 |
               +--------+--------+--------+--------+--------+-----+--------+

Top non-repeatable levels by time:
     D:7: 2168 daAuts
  Lair:5: 1989 daAuts
     D:9: 1687 daAuts
     D:6: 1543 daAuts
  Lair:4: 1349 daAuts
  Lair:3: 1236 daAuts
     D:5: 1164 daAuts
    D:12: 1079 daAuts
     D:8: 1028 daAuts
     D:1: 981 daAuts
    D:11: 952 daAuts
  Lair:2: 940 daAuts
  Lair:1: 934 daAuts
    D:10: 855 daAuts
     D:2: 742 daAuts
